 Dungeon Crawl Stone Soup version 0.27-a0-67-g4bfc8a49e1 (webtiles) character file.

Game seed: 10052345855445504439

118 Borgoz the Slasher (level 5, -2/31 HPs)
             Began as a Halfling Gladiator on Jan 9, 2021.
             Slain by an orc
             ... wielding a +0 flail
              (5 damage)
             ... on level 3 of the Dungeon.
             The game lasted 00:01:45 (1868 turns).

Borgoz the Slasher (Halfling Gladiator)             Turns: 1868, Time: 00:01:45

Health: -2/31      AC:  4    Str: 15    XL:     5   Next: 23%
Magic:  5/5        EV: 16    Int:  6    God:
Gold:   126        SH:  0    Dex: 17    Spells: 4/4 levels left

rFire    . . .     SeeInvis .   b - +2 dagger (venom)
rCold    . . .     Faith    .   (shield restricted)
rNeg     . . .     Spirit   .   f - +0 leather armour
rPois    .         Reflect  .   c - +0 helmet
rElec    .         Harm     .   (no cloak)
rCorr    .         Rampage  .   (no gloves)
Will     +....                  (no boots)
Stlth    +.........             (no amulet)
HPRegen  0.10/turn              (no ring)
MPRegen  0.09/turn              (no ring)

@: flying
A: small, frail 1, strong-willed 1, mutation resistance 1
a: no special abilities


You were on level 3 of the Dungeon.
You visited 1 branch of the dungeon, and saw 4 of its levels.

You collected 126 gold pieces.

Inventory:

Hand Weapons
 a - a +0 long sword
 b - a +2 dagger of venom (weapon)
Missiles
 d - 3 throwing nets (quivered)
Armour
 c - a +0 helmet (worn)
 f - a +0 leather armour (worn)
Scrolls
 e - a scroll of teleportation {unknown}
 g - a scroll of fear {unknown}
 h - a scroll of blinking {unknown}
 i - 3 scrolls of identify {unknown}
 j - a scroll of remove curse {unknown}


   Skills:
 + Level 2.5 Fighting
 * Level 4.1 Long Blades
 - Level 2.0 Throwing
 + Level 2.0 Armour
 + Level 4.0 Dodging


You had 4 spell levels left.
You didn't know any spells.
Your spell library was empty.

Dungeon Overview and Level Annotations

Branches:
Dungeon (4/15)
 Temple: D:4-7

Altars:
Yredelemnul


Innate Abilities, Weirdness & Mutations

You are small and have problems with some larger weapons.
You are somewhat resistant to further mutation.
You are frail. (-10% HP)
You are strong-willed. (Will+)


Message History

* * * LOW HITPOINT WARNING * * *
It was a potion of flight.
You feel very buoyant.
You fly up into the air.
The orc wizard hits you with a +0 dagger.
* * * LOW HITPOINT WARNING * * *
The quokka bites you but does no damage.
The orc barely misses you.
The orc wizard hits you with a +0 dagger.
* * * LOW HITPOINT WARNING * * *
The quokka closely misses you.
It was a potion of mutation.
You feel extremely strange.
You feel frail.
You feel strong-willed. The orc wizard misses you. The orc barely misses you.
The quokka misses you.
The orc priest hits you but does no damage.
You hit the orc priest.
The orc priest is poisoned.
The orc priest is moderately wounded.
The orc wizard misses you. The quokka misses you.
The orc hits you with a +0 flail.
You die...

##.............P..
...............(_...
#.##............†...
#..#.#.##.###..).... .
#<....##.###...>.#. ...
##.#.............##
#...##lK..........#....#
......ooo.........###..#
.....or@..........####..
..#####..#..............
##........(.#####.
#..........# .
#.#.....†..#
#.#........#
#.(.......##
#..........#
..#.........


You could see an orc priest (very poisoned), an orc wizard (fast, very
poisoned), 2 orcs, a leopard gecko, a quokka and a kobold.

Vanquished Creatures
  A bullfrog zombie (D:3)
  A bullfrog skeleton (D:4)
  2 oozes (D:1)
  A worm (D:3)
  2 dart slugs (D:1)
  2 giant cockroaches
  6 goblins
  9 jackals
  6 kobolds
  A ball python (D:1)
  7 bats
  5 frilled lizards
  6 rats
49 creatures vanquished.

Vanquished Creatures (others)
  3 withered plants (D:3)
3 creatures vanquished.

Grand Total: 52 creatures vanquished

Notes
Turn   | Place    | Note
-------+----------+-------------------------------------------
     0 | D:1      | Borgoz the Halfling Gladiator began the quest for the Orb.
     0 | D:1      | Reached XP level 1. HP: 14/14 MP: 1/1
   320 | D:1      | Reached XP level 2. HP: 16/19 MP: 2/2
   527 | D:1      | Reached XP level 3. HP: 22/24 MP: 3/3
   571 | D:1      | Reached skill level 1 in Armour
  1436 | D:2      | You fall into a shaft and drop 2 floors!
  1462 | D:4      | Reached XP level 4. HP: 20/30 MP: 4/4
  1561 | D:3      | Found a basalt altar of Yredelemnul.
  1678 | D:3      | Reached XP level 5. HP: 17/35 MP: 5/5
  1867 | D:3      | Gained mutation: You are frail. (-10% HP) [potion of
                  | mutation]
  1867 | D:3      | Gained mutation: You are strong-willed. (Will+) [potion of
                  | mutation]
  1868 | D:3      | Slain by an orc

Illustrated notes

Levels and vault maps discovered:
D:1:      elethiomel_arrival_maze, layout_basic, minmay_pentomino_u4
D:2:      layout_loops_cross, chequers_garden, minmay_box_of_dots
D:3:      minmay_octagon_keep, layout_rooms, lemuel_doored_altar,
          yredelemnul_altar_generic
D:4:      layout_loops_ring, nemelex_xobeh_ov_fountains_minmay,
          nicolae_overflow_hidden_temple, grunt_temple_overflow_cloverleaf,
          serial_shops, shop

Skill      XL: |  1  2  3  4  5 |
---------------+----------------+-----
Fighting       | 2 |  2.5
Armour         | 1 2 |  2.0
Long Blades    | 4 |  4.1
Dodging        | 4 |  4.0
Throwing       | |  2.0

Action                   |  1- 3 |  4- 6 || total
-------------------------+-------+-------++-------
Melee: Long sword        |    11 |       ||    11
       Dagger            |    75 |    65 ||   140
  Use: Potion            |       |     2 ||     2
Armor: Leather armour    |    16 |    18 ||    34
Dodge: Dodged            |    58 |    70 ||   128
       Rpst.: Long sword |     2 |       ||     2

Table legend: (Time is in decaauts)
 A = Elapsed time spent in this place.
 B = Non-inter-level travel time spent in this place.
 C = Inter-level travel time spent in this place.
 D = Time resting spent in this place.
 E = Time spent auto-exploring this place.
 F = Levels seen in this place.
 G = Mean time per level.
                   A        B        C        D        E       F      G
               +--------+--------+--------+--------+--------+-----+--------+
         Total |   1851 |   1816 |     35 |    482 |   1056 |   4 |  462.8 |
       Dungeon |   1851 |   1816 |     35 |    482 |   1056 |   4 |  462.8 |
               +--------+--------+--------+--------+--------+-----+--------+

Top non-repeatable levels by time:
     D:1: 1295 daAuts
     D:3: 297 daAuts
     D:2: 135 daAuts
     D:4: 123 daAuts
